 Dungeon Crawl Stone Soup version 0.29.0-11-gd7f09526c8 (webtiles) character file.

Game seed: 17543517411874022588

2466 Strat the Nimble (level 9, -16/52 HPs)
             Began as a Kobold Hedge Wizard on Sept 6, 2022.
             Was a Follower of Kikubaaqudgha.
             Killed from afar by a steam dragon (22 damage)
             ... with a ball of steam
             ... on level 9 of the Dungeon.
             The game lasted 00:30:31 (14058 turns).

Strat the Nimble (Kobold Hedge Wizard)             Turns: 14058, Time: 00:30:31

Health: -16/52     AC:  3    Str:  8    XL:     9   Next: 80%
Magic:  7/13       EV: 18    Int: 19    God:    Kikubaaqudgha [*.....]
Gold:   346        SH:  0    Dex: 14    Spells: 0/14 levels left

rFire   . . .      SeeInvis .   a - +0 dagger (venom)
rCold   . . .      Faith    .   (no shield)
rNeg    . . .      Spirit   .   b - +0 robe
rPois   .          Reflect  .   c - +0 hat
rElec   .          Harm     .   (no cloak)
rCorr   .          Rampage  .   (no gloves)
Will    .....                   m - +0 pair of boots
Stlth   ++++......              (no amulet)
HPRegen 0.17/turn               (no ring)
MPRegen 0.13/turn               (no ring)

@: no status effects
A: small, no large weapons, nightstalker 3
a: Renounce Religion, Unearth Wretches


You were on level 9 of the Dungeon.
You worshipped Kikubaaqudgha.
Kikubaaqudgha was aware of your devotion.
You visited 1 branch of the dungeon, and saw 9 of its levels.

You collected 346 gold pieces.

Inventory:

Hand Weapons
 a - a +0 dagger of venom (weapon)
 t - a +1 whip of electrocution
Missiles
 n - 3 throwing nets
 u - 15 poisoned darts
Armour
 b - a +0 robe (worn)
 c - a +0 hat (worn)
 d - a +0 buckler
 f - a +2 leather armour of poison resistance
 m - a +0 pair of boots (worn)
Jewellery
 k - a ring of protection from fire
 o - a ring of see invisible
 q - a ring of positive energy
Wands
 y - a wand of charming (8)
Scrolls
 e - 3 scrolls of immolation
 p - 2 scrolls of magic mapping
Potions
 g - a potion of might
 h - a potion of mutation
 j - 2 potions of degeneration
 l - a potion of brilliance
 r - a potion of lignification
 s - a potion of flight {unknown}


   Skills:
 + Level 4.4 Fighting
 + Level 8.9 Dodging
 + Level 6.6 Stealth
 - Level 3.2 Spellcasting
 - Level 6.0 Conjurations
 - Level 2.0 Summonings
 * Level 1.1 Necromancy
 - Level 1.0 Translocations
 - Level 2.0 Fire Magic
 - Level 3.0 Air Magic
 - Level 3.0 Poison Magic


You couldn't memorise any spells.
You knew the following spells:

 Your Spells              Type           Power      Damage    Failure   Level
a - Magic Dart            Conj           100%       1d8       1%          1
b - Call Imp              Summ           10%        N/A       10%         2
c - Foxfire               Conj/Fire      72%        2x1d7     3%          1
d - Blink                 Tloc           12%        N/A       16%         2
e - Mephitic Cloud        Conj/Pois/Air  18%        N/A       9%          3
f - Necrotise             Necr           28%        1d5       9%          1
g - Animate Dead          Necr           7%         N/A       65%         4

Your spell library contained the following spells:

 Spells                   Type           Power      Damage    Failure   Level
 Conjure Flame            Conj/Fire      18%        6-21      9%          3
 Sublimation of Blood     Necr           7%         N/A       14%         2
 Slow                     Hex            12%        N/A       16%         1
 Vampiric Draining        Necr           7%         2d6       26%         3
 Flame Wave               Conj/Fire      18%        2d7       28%         4
 Inner Flame              Hex/Fire       6%         N/A       30%         3


Dungeon Overview and Level Annotations

Branches:
Dungeon (9/15)             Temple (0/1) D:6            Lair (0/5) D:8
    Orc: D:9-12

Altars:
Cheibriados
Kikubaaqudgha
Makhleb
Qazlal
Sif Muna
Xom
Zin
The Shining One

Annotations:
D:8 2 transporters


Innate Abilities, Weirdness & Mutations

You are small and have problems with some larger weapons.
You are completely attuned to the shadows.


Message History

* * * LOW HITPOINT WARNING * * *
The steam dragon closely misses you.
You hit the steam dragon.
The steam dragon is poisoned.
The steam dragon is heavily wounded.
Your crimson imp blinks!
The steam dragon breathes steam at you. The ball of steam misses you.
Your crimson imp hits the steam dragon.
The steam dragon barely misses your crimson imp.
The steam dragon claws your crimson imp but does no damage.
Okay, then.
Okay, then.
Casting: Foxfire (safe; 3% risk of failure)
Confirm with . or Enter, or press ? or * to list all spells.
Aiming: Necrotise (safe; 9% risk of failure)
Press: ? - help, Shift-Dir - straight line, f - steam dragon
Aim: a steam dragon (severely wounded, not watching you, very poisoned, catching its breath, ally target, chance to affect: 55%)
The steam dragon writhes in agony.
Your crimson imp hits the steam dragon but does no damage.
Casting: Necrotise (safe; 9% risk of failure)
Confirm with . or Enter, or press ? or * to list all spells.
You don't know that spell.
Aiming: Magic Dart (safe; 1% risk of failure)
Press: ? - help, Q - select action, (/) - cycle Shift-Dir - straight line, f/p - steam dragon
Aim: a steam dragon (severely wounded, very poisoned, ally target, 100% to hit)
The magic dart hits the steam dragon.
The steam dragon is severely wounded.
The steam dragon completely misses you. The steam dragon claws you.
* * * LOW HITPOINT WARNING * * *
Casting: Magic Dart (safe; 1% risk of failure)
Confirm with . or Enter, or press ? or * to list all spells.
Aiming: Necrotise (safe; 9% risk of failure)
Press: ? - help, Shift-Dir - straight line, f/p - steam dragon
Aim: a steam dragon (severely wounded, very poisoned, ally target, chance to affect: 55%)
The steam dragon resists with significant effort.
Your crimson imp hits the steam dragon.
The steam dragon breathes steam at you. The ball of steam hits you!!
You die...
Kikubaaqudgha rasps: "You have failed me!
Welcome... death!"

##########
#.§§......
#<§..#§.###.
#.§§§.......
#..§5§......
#..@D.<#####
#......#
#...[..#
#......#
#......#


You could see a steam dragon (very poisoned, catching breath, ally target) and a
friendly crimson imp (summoned).

Vanquished Creatures
  A wyvern (D:8)
  A steam dragon (D:6)
  A water moccasin (D:6)
  A black bear (D:6)
  2 ice beasts (D:8)
  2 sky beasts
  2 centaurs (D:8)
  A kobold brigand (D:7)
  A necrophage (D:6)
  A bullfrog (D:8)
  A gnoll sergeant (D:8)
  2 scorpions
  A howler monkey (D:5)
  A crimson imp (D:8)
  An orc priest (D:6)
  6 hounds
  A gnoll bouda (D:8)
  4 iguanas
  3 orc wizards
  7 adders
  6 gnolls (D:8)
  A shadow imp (D:7)
  An ufetubus (D:4)
  4 dart slugs
  16 orcs
  5 ball pythons
  5 endoplasms
  10 giant cockroaches
  7 goblins
  5 hobgoblins
  4 jackals (D:3)
  7 quokkas
  3 bats
  3 frilled lizards (D:1)
  11 kobolds
  12 rats
140 creatures vanquished.

Vanquished Creatures (collateral kills)
  A centaur (D:7)
  A necrophage (D:4)
  A howler monkey (D:4)
  A hound (D:5)
  2 iguanas
  2 orc wizards
  A gnoll (D:8)
  An adder (D:5)
  An ufetubus (D:4)
  A worm (D:5)
  3 orcs
  A butterfly (D:6)
16 creatures vanquished.

Vanquished Creatures (others)
  A bullfrog (D:8)
  2 orcs (D:6)
  259 foxfires
262 creatures vanquished.

Grand Total: 418 creatures vanquished

Notes
Turn   | Place    | Note
-------+----------+-------------------------------------------
     0 | D:1      | Strat the Kobold Hedge Wizard began the quest for the Orb.
     0 | D:1      | Reached XP level 1. HP: 10/10 MP: 4/4
   234 | D:1      | Reached XP level 2. HP: 15/15 MP: 0/6
   294 | D:1      | Learned a level 2 spell: Call Imp
   296 | D:1      | Learned a level 1 spell: Foxfire
   299 | D:1      | Learned a level 2 spell: Blink
  1641 | D:2      | Reached skill level 1 in Fire Magic
  1641 | D:2      | Reached XP level 3. HP: 19/19 MP: 7/7
  2270 | D:2      | Reached XP level 4. HP: 24/24 MP: 4/8
  2460 | D:2      | Learned a level 3 spell: Mephitic Cloud
  2775 | D:2      | Found a faded altar of an unknown god.
  3526 | D:3      | Reached XP level 5. HP: 28/28 MP: 9/9
  3813 | D:3      | Reached skill level 1 in Fighting
  4634 | D:4      | Reached skill level 1 in Poison Magic
  4690 | D:4      | Reached skill level 1 in Air Magic
  5333 | D:4      | Reached XP level 6. HP: 19/34 MP: 0/10
  5477 | D:4      | Found a glowing golden altar of the Shining One.
  5649 | D:5      | Entered Level 5 of the Dungeon
  6027 | D:5      | Noticed a water moccasin
  6072 | D:5      | Reached XP level 7. HP: 22/38 MP: 2/11
  6753 | D:5      | Found an ancient bone altar of Kikubaaqudgha.
  7308 | D:4      | Found a stormy altar of Qazlal.
  8166 | D:5      | Became a worshipper of Kikubaaqudgha
  8209 | D:6      | Found a glowing silver altar of Zin.
  8315 | D:6      | Found a shimmering blue altar of Sif Muna.
  8631 | D:6      | Identified the +3 mace of the Radish {flame, Fly rElec rF+
                  | MP-9}
  8696 | D:6      | Reached skill level 5 in Conjurations
  8917 | D:6      | Reached XP level 8. HP: 46/46 MP: 3/12
  8983 | D:6      | Found a snail-covered altar of Cheibriados.
  9007 | D:6      | Reached skill level 3 in Dodging
  9078 | D:6      | Found a staircase to the Ecumenical Temple.
  9459 | D:6      | Reached skill level 4 in Dodging
  9951 | D:6      | Reached skill level 5 in Stealth
 10086 | D:6      | Reached skill level 5 in Dodging
 10572 | D:7      | Reached skill level 6 in Dodging
 10579 | D:7      | Reached XP level 9. HP: 50/50 MP: 9/13
 10768 | D:7      | Reached skill level 7 in Dodging
 11624 | D:8      | Reached skill level 8 in Dodging
 11713 | D:8      | Found a staircase to the Lair.
 12687 | D:8      | Noticed a hornet
 12795 | D:8      | Reached * piety under Kikubaaqudgha
 12795 | D:8      | Received a gift from Kikubaaqudgha
 12803 | D:8      | Learned a level 1 spell: Necrotise
 12825 | D:8      | Learned a level 4 spell: Animate Dead
 12858 | D:8      | Found a transporter.
 12859 | D:8      | Noticed a slime creature
 13496 | D:8      | Found a transporter.
 13671 | D:8      | Found a burning altar of Makhleb.
 13672 | D:8      | Found a shimmering altar of Xom.
 13680 | D:8      | Reached skill level 1 in Necromancy
 13996 | D:8      | Noticed a slime creature
 14058 | D:9      | Killed from afar by a steam dragon

Illustrated notes

Levels and vault maps discovered:
D:1:      nzn_arrival_depleted_hourglass, layout_basic
D:2:      layout_basic, chequers_ecumenical_altar_island, minmay_puff
D:3:      layout_loops_ring, lemuel_tele_altar, chequers_serial_rivers_micro_a
D:4:      layout_cave_pods, mainiacjoe_overflow_surrounded_room,
          nicolae_overflow_hidden_temple, nicolae_kite_square_tiling_tiny,
          kennysheep_dice
D:5:      layout_basic, mainiacjoe_overflow_six_doors_small
D:6:      layout_basic, mainiacjoe_overflow_paths,
          minmay_temple_entry_butterflies, portal_sewer_entry_f,
          kennysheep_flooded_box, hangedman_feature_mirror,
          corexii_item_surrounded_by_moat, dk_noncrumbling_2,
          chequers_serial_rivers_small_b
D:7:      layout_cave_pods
D:8:      gammafunk_jiyva_shrine, layout_rooms,
          grunt_temple_overflow_champion_of_chaos, lair_entry_dummy,
          minivault_19
D:9:      layout_stronghold, serial_shops, shop, uniq_harold

Skill      XL: |  1  2  3  4  5  6  7  8  9 |
---------------+----------------------------+-----
Conjurations   | 2 3 5 6 |  6.0
Fire Magic     | 1 2 |  2.0
Fighting       | 1 3 4 |  4.4
Poison Magic   | 2 3 |  3.0
Air Magic      | 2 3 |  3.0
Summonings     | 2 |  2.0
Dodging        | 6 8 |  8.9
Stealth        | 5 6 |  6.6
Necromancy     | 1 |  1.1
Spellcasting   | |  3.2
Translocations | |  1.0

Action                   |  1- 3 |  4- 6 |  7- 9 || total
-------------------------+-------+-------+-------++-------
Melee: Dagger            |    30 |    78 |   209 ||   317
       Punch             |       |       |     1 ||     1
       Unarmed           |       |       |     1 ||     1
 Cast: Magic Dart        |    42 |    16 |    27 ||    85
       Foxfire           |     9 |    38 |    98 ||   145
       Call Imp          |       |    14 |    48 ||    62
       Necrotise         |       |       |     2 ||     2
Evoke: Wand              |       |       |    15 ||    15
  Use: Scroll            |       |    11 |    11 ||    22
       Potion            |       |       |     5 ||     5
 Stab: Sleeping          |    13 |    10 |    10 ||    33
       Distracted        |       |       |     3 ||     3
Armor: Leather armour    |     4 |       |       ||     4
       Robe              |     2 |    11 |    33 ||    46
Dodge: Dodged            |    27 |    93 |   240 ||   360
